AoeStats
← ccvillegas20

Arena

510190902Analyzed
1v1 RM · 2d ago on Sep 29, 2026· 24m 17s· 2 players
Game mode
Random Map
Map size
Tiny (2 player)
Population
200
Speed
Normal
Resources
Standard
Victory
Conquest
Starting age
Dark Age
Ending age
Imperial Age
RankedLock teamsTeams togetherTeam positionsShared explorationLock speedFull tech treeHidden civsTurbo modeCheats
Victory
Defeat
🇨🇳 Turks · China
899
+16
🇨🇴 Saxons · Colombia
894
-16
ccvillegas20
10:02 Feudal Age
17:46 Castle Age
16:30 Double-Bit Axe
16:29 Horse Collar
就在
11:07 Feudal Age
13:12 Double-Bit Axe
15:29 Castle Age
13:10 Horse Collar
22:17 Imperial Age
24:10 Padded Archer Armor
24:40 Gold Mining
Connection lost

Rejoining the realm…

Still unreachable

The connection could not be restored.

Session expired

The server has moved on; the page needs a fresh start.